 Dungeon Crawl Stone Soup version 0.25.0-26-g0c896c7088 (webtiles) character file.

Game seed: 3414782390602294865

1393 shadizar the Skirmisher (level 8, -1/71 HPs)
             Began as a Purple Draconian Fighter on July 5, 2020.
             Was a Follower of Okawaru.
             Killed by nerve-wracking pain
             ... invoked by an orc priest
              (5 damage)
             ... on level 6 of the Dungeon.
             The game lasted 00:08:51 (6705 turns).

shadizar the Skirmisher (Purple Draconian Fighter)  Turns: 6705, Time: 00:08:52

Health: -1/71      AC:  7    Str: 20    XL:     8   Next: 41%
Magic:  0/9        EV: 12    Int:  9    God:    Okawaru [*.....]
Gold:   293        SH: 10    Dex: 11    Spells: 7/7 levels left

rFire    . . .     SeeInvis .   a - +0 long sword
rCold    . . .     Gourm    .   b - +0 kite shield
rNeg     . . .     Faith    .   (armour unavailable)
rPois    .         Spirit   +   (helmet restricted)
rElec    .         Reflect  .   (no cloak)
rCorr    .         Harm     .   (no gloves)
MR       +....                  g - +0 pair of boots
Stlth    +.........             h - amulet of guardian spirit
HPRegen  0.21/turn              (no ring)
MPRegen  0.11/turn              (no ring)

@: no status effects
A: breathe power, unfitting armour, cold-blooded, AC +6
a: Breathe Dispelling Energy, Heroism, Renounce Religion


You were on level 6 of the Dungeon.
You worshipped Okawaru.
Okawaru was aware of your devotion.
You were not hungry.

You visited 1 branch of the dungeon, and saw 6 of its levels.

You collected 293 gold pieces.

Inventory:

Hand Weapons
 a - a +0 long sword (weapon)
 H - a +0 falchion
Armour
 b - a +0 kite shield (worn)
 g - a +0 pair of boots (worn)
Jewellery
 h - an amulet of guardian spirit (around neck)
 v - a +4 ring of evasion {unknown}
 y - a +6 ring of strength {unknown}
 B - a +6 ring of dexterity {unknown}
 F - a +6 ring of strength {unknown}
 G - an uncursed ring of poison resistance {unknown}
Wands
 E - a wand of acid (2)
Scrolls
 f - 2 scrolls of random uselessness {unknown}
 i - a scroll of fear {unknown}
 j - 9 scrolls of identify {unknown}
 l - a scroll of blinking {unknown}
 p - 3 scrolls of enchant armour {unknown}
 q - 2 scrolls of enchant weapon {unknown}
 r - a scroll of magic mapping {unknown}
 s - 2 scrolls of remove curse {unknown}
 x - a scroll of noise {unknown}
 D - a scroll of immolation {unknown}
Potions
 c - 3 potions of might
 e - 2 potions of resistance {unknown}
 k - 4 potions of heal wounds {unknown}
 m - a potion of curing {unknown}
 n - 3 potions of mutation {unknown}
 o - 2 potions of haste {unknown}
 t - 2 potions of ambrosia {unknown}
 u - 2 potions of degeneration {unknown}
 w - a potion of berserk rage {unknown}
 z - a potion of stabbing {unknown}
 A - 2 potions of brilliance {unknown}
 C - a potion of invisibility {unknown}
Comestibles
 d - 11 rations


   Skills:
 + Level 6.4 Fighting
 + Level 5.3 Long Blades
 + Level 5.4 Dodging
 + Level 5.9 Shields
 + Level 1.5 Invocations


You had 7 spell levels left.
You didn't know any spells.
Your spell library contained the following spells:

 Spells                   Type           Power        Failure   Level  Hunger
 Song of Slaying          Chrm           #.......     89%         2    ###....


Dungeon Overview and Level Annotations

Branches:
Dungeon (6/15)
 Temple: D:4-7

Altars:
Gozag
Okawaru
Qazlal
Trog
The Shining One

Shops:
D:5 %


Innate Abilities, Weirdness & Mutations

You can breathe bolts of dispelling energy.
Your rich purple scales are hard. (AC +6)
You cannot fit into any form of body armour.
You are cold-blooded and may be slowed by cold attacks.


Message History

* * * LOW HITPOINT WARNING * * *
You hit the ice beast but do no damage.
The ice beast is almost dead.
The ice beast completely misses you. The ice beast barely misses you.
You riposte.
You barely miss the ice beast. You tail-slap the ice beast.
The ice beast is almost dead.
You closely miss the ice beast.
The ice beast is almost dead.
You block the ice beast's attack.
The orc priest looks braver for a moment.
The ice beast closely misses you.
You hit the ice beast.
The ice beast is almost dead.
You feel yourself speed up. You block the ice beast's attack.
The ice beast completely misses you.
You have got your breath back.
The orc priest invokes the aid of Beogh against you.
Pain shoots through your body!
You die...

#. #.........#
#.##.........#
#.##.....b...#
#######............#
##...##......b.....†#
##<.......)......##...
#.................|..#
#...............##...#
#....@..........###..#
##.....Y........# #...
##.............###...
####..............<#
#...oz.......#..#
#................
#.....zo..#......
#.........##.....
####.####.##.....


You could see an ice beast, 2 wights, an orc priest and an orc.

Vanquished Creatures
  An ice beast (D:5)
  An orc warrior (D:6)
  A sky beast (D:6)
  A black bear (D:5)
  2 ogres
  2 scorpions
  A crimson imp (D:6)
  2 hounds
  An orc priest (D:4)
  2 jellies
  3 orc wizards
  Jessica (D:2)
  4 iguanas
  3 worker ants (D:5)
  8 gnolls
  9 adders
  An ooze (D:1)
  A worm (D:4)
  4 dart slugs
  7 leopard geckos
  18 orcs
  2 ball pythons
  5 giant cockroaches
  7 goblins
  6 hobgoblins
  7 jackals
  4 quokkas
  6 bats (D:1)
  5 frilled lizards
  A jackal skeleton (D:4)
  8 kobolds
  A leopard gecko skeleton (D:5)
  6 rats
131 creatures vanquished.

Notes
Turn   | Place    | Note
-------+----------+-------------------------------------------
     0 | D:1      | shadizar the Draconian Fighter began the quest for the Orb.
     0 | D:1      | Reached XP level 1. HP: 19/19 MP: 1/1
   113 | D:1      | Reached XP level 2. HP: 20/26 MP: 2/2
   511 | D:1      | Reached XP level 3. HP: 26/31 MP: 1/3
  1231 | D:2      | Noticed Jessica
  1237 | D:2      | Killed Jessica
  1237 | D:2      | Reached XP level 4. HP: 37/40 MP: 4/4
  1252 | D:2      | Identified Jessica's Papyrus of Protection
  1493 | D:2      | Reached skill level 4 in Fighting
  1498 | D:2      | Found a bloodstained altar of Trog.
  1581 | D:2      | Found an iron altar of Okawaru.
  2157 | D:2      | Reached XP level 5. HP: 23/46 MP: 3/5
  3197 | D:2      | Became a worshipper of Warmaster Okawaru
  3353 | D:3      | Reached XP level 6. HP: 17/53 MP: 2/6
  4176 | D:4      | Found an opulent altar of Gozag.
  4410 | D:4      | Reached skill level 5 in Fighting
  4426 | D:4      | Found a glowing golden altar of the Shining One.
  4562 | D:4      | Found a stormy altar of Qazlal.
  4656 | D:4      | Your scales start taking on a rich purple colour.
  4656 | D:4      | Reached XP level 7. HP: 61/61 MP: 7/7
  5016 | D:5      | Entered Level 5 of the Dungeon
  5088 | D:5      | Reached skill level 5 in Shields
  5336 | D:5      | Reached * piety under Okawaru
  5589 | D:5      | Found Waupol's Food Shop.
  5701 | D:5      | Reached skill level 6 in Fighting
  5701 | D:5      | Reached skill level 5 in Dodging
  5701 | D:5      | Reached XP level 8. HP: 53/70 MP: 5/8
  5874 | D:5      | Reached skill level 5 in Long Blades
  6490 | D:6      | Reached skill level 1 in Invocations
  6693 | D:6      | HP: 1/71 [ice beast (12)]
  6705 | D:6      | Killed from afar by an orc priest

Illustrated notes

Levels and vault maps discovered:
D:1:      dpeg_arrival_long_road, layout_loops_ring, serial_rivers,
          chequers_serial_rivers_small_b, chequers_serial_rivers_micro_b,
          chequers_serial_rivers_micro_e, chequers_serial_rivers_small_b,
          chequers_serial_rivers_micro_c, chequers_serial_rivers_micro_c
D:2:      layout_loops_corners, nicolae_overflow_hidden_temple,
          kennysheep_jessica_study
D:3:      layout_loops_ring
D:4:      layout_gridville, kennysheep_little_box,
          nicolae_overflow_crystal_walls, first_ration, grunt_gozag_breadcrumbs
D:5:      layout_loops_ring, serial_shops, shop_statue
D:6:      layout_rooms, minmay_temple_entry_butterflies

Skill      XL: |  1  2  3  4  5  6  7  8 |
---------------+-------------------------+-----
Dodging        | 3 4 5 |  5.4
Fighting       | 4 5 6 |  6.4
Long Blades    | 3 4 5 |  5.3
Shields        | 4 5 |  5.9
Invocations    | 1 |  1.5

Action                   |  1- 3 |  4- 6 |  7- 9 || total
-------------------------+-------+-------+-------++-------
Melee: Long sword        |    74 |   263 |   164 ||   501
       Tailslap          |    10 |    34 |    24 ||    68
Invok: Heroism           |       |       |     1 ||     1
 Abil: Breathe Dispellin |       |       |     2 ||     2
 Stab: Sleeping          |       |       |     1 ||     1
  Eat: Chunk             |     1 |    11 |     6 ||    18
       Ration            |       |       |     1 ||     1
Armor: Skin              |    25 |    71 |    40 ||   136
Dodge: Dodged            |    31 |   150 |    72 ||   253
Block: Kite shield       |    39 |   138 |    94 ||   271
       Rpst.: Long sword |    13 |    50 |    17 ||    80
